 Dungeon Crawl Stone Soup version bcrawl-1.17.3 (webtiles) character file.

Game seed: 9374820821323229161

364 Gumption the Ducker (level 6, 0/51 HPs)
             Began as a Hill Orc Archaeologist on Oct 19, 2019.
             Was an Initiate of Beogh.
             Slain by an ogre
             ... wielding a +0 giant club
              (18 damage)
             ... on level 4 of the Dungeon.
             The game lasted 00:27:45 (4798 turns).

Gumption the Ducker (Hill Orc Archaeologist)        Turns: 4798, Time: 00:27:46

Health: 0/51       AC: 12    Str: 16    XL:     6   Next: 67%
Magic:  7/7        EV:  8    Int: 14    God:    Beogh [......]
Gold:   189        SH:  0    Dex:  9    Spells: 5/5 levels left

rFire    . . .     SeeInvis .   a - +0 hand axe
rCold    . . .     Gourm    .   (no shield)
rNeg     . . .     Faith    .   t - +0 chain mail
rPois    .         Spirit   .   c - +1 hat
rElec    .         Reflect  .   (no cloak)
rCorr    .         Harm     .   (no gloves)
MR       .....                  d - +1 pair of boots
Stlth    ..........             (no amulet)
HPRegen  0.17/turn              (no ring)
MPRegen  0.10/turn              (no ring)

@: studying Dodging
A: no striking features
a: Renounce Religion


You were on level 4 of the Dungeon.
You worshipped Beogh.
Beogh was noncommittal.
You were not hungry.

You visited 1 branch of the dungeon, and saw 4 of its levels.

You collected 189 gold pieces.

Inventory:

Hand Weapons
 a - a +0 hand axe (weapon)
 b - a +0 hunting sling
 o - a +0 whip
Missiles
 m - 1035 stones (quivered)
Armour
 c - a +1 hat (worn)
 d - a +1 pair of boots (worn)
 s - a +0 ring mail
 t - a +0 chain mail (worn)
Jewellery
 n - an uncursed amulet of the acrobat {unknown}
Scrolls
 h - a scroll of blinking {unknown}
 i - 9 scrolls of identify {unknown}
 k - a scroll of amnesia {unknown}
 l - a scroll of remove curse {unknown}
 p - 2 scrolls of magic mapping {unknown}
 q - a scroll of enchant armour {unknown}
 u - a scroll of fog {unknown}
Potions
 r - a potion of magic {unknown}
 v - a potion of cancellation {unknown}
 w - a potion of curing {unknown}
 x - a potion of flight {unknown}
Books
 e - a manual of Dodging
Miscellaneous
 f - an ancient crate
Comestibles
 g - 7 rations {!d}
 j - a chunk of flesh


   Skills:
 * Level 3.1 Fighting
   Level 3.1 Short Blades
   Level 3.1 Long Blades
   Level 3.1 Axes
   Level 3.1 Maces & Flails
   Level 3.1 Polearms
   Level 3.1 Staves
 + Level 3.5 Armour
 * Level 5.2 Dodging
 - Level 2.6 Stealth
   Level 3.1 Unarmed Combat
 + Level 1.3 Invocations


You had 5 spell levels left.
You didn't know any spells.
Your spell library was empty.

Dungeon Overview and Level Annotations

Branches:
Dungeon (4/12)
 Temple: D:4-7

Altars:
Ru
Sif Muna


Message History

You hit the ogre.
The ogre is severely wounded.
The ogre hits you with a +0 giant club!!
You completely miss the ogre.
The ogre is severely wounded.
The ogre barely misses you.
You barely miss the ogre.
The ogre is severely wounded.
The ogre hits you with a +0 giant club!
You are too injured to fight recklessly!
You are too injured to fight recklessly!
You hit the ogre.
The ogre is severely wounded.
The ogre barely misses you.
You hit the ogre.
The ogre is almost dead.
The sky beast flickers out of sight!
Deactivating autopickup; reactivate with Ctrl-A.
The ogre hits you with a +0 giant club!!
You die...

#..#.........##.........
#.....#..###............
#.###....#####..........
#.# ##....####..........
..# #......##..........
..##
##...>.##..รท......>
...# ##.....##.{{......
...######........O......
................@#######
....###............#
......#...<...........
#..##..##.....###.#####
#..###.##.#..## ... ##.#
#.##.#..# ##.% ###
#....#..# ## #..######
####


You could see an ogre.

Vanquished Creatures
  2 scorpions (D:4)
  2 orc wizards (D:3)
  A worker ant (D:3)
  4 gnolls
  4 adders
  4 oozes
  An adder zombie (D:3)
  3 worms
  A dart slug (D:1)
  7 leopard geckos
  7 orcs (D:3)
  A giant cockroach (D:3)
  4 goblins
  7 hobgoblins
  3 jackals (D:1)
  3 quokkas
  A ball python (D:1)
  4 bats
  5 frilled lizards
  A jackal skeleton (D:4)
  9 kobolds
  A leopard gecko skeleton (D:4)
  6 rats
81 creatures vanquished.

Vanquished Creatures (others)
  An orc priest (D:3)
  An orc (D:3)
2 creatures vanquished.

Grand Total: 83 creatures vanquished

Notes
Turn   | Place    | Note
-------+----------+-------------------------------------------
     0 | D:1      | Gumption the Hill Orc Archaeologist began the quest for the
                  | Orb.
     0 | D:1      | Reached XP level 1. HP: 15/15 MP: 1/1
    19 | D:1      | Reached skill level 1 in Fighting
   210 | D:1      | Reached skill level 1 in Armour
   249 | D:1      | Reached XP level 2. HP: 20/23 MP: 2/2
   796 | D:1      | Reached XP level 3. HP: 28/29 MP: 3/3
  1388 | D:2      | Found a sacrificial altar of Ru.
  1388 | D:2      | Found a shimmering blue altar of Sif Muna.
  1821 | D:2      | Reached skill level 3 in Dodging
  2187 | D:3      | Reached XP level 4. HP: 31/36 MP: 4/4
  2309 | D:3      | Became a worshipper of Beogh the Brigand
  2489 | D:3      | Reached XP level 5. HP: 31/41 MP: 5/5
  2505 | D:3      | Reached skill level 4 in Dodging
  3491 | D:3      | Reached XP level 6. HP: 37/50 MP: 6/6
  3740 | D:4      | Noticed a phantom
  3872 | D:3      | Reached skill level 5 in Dodging
  3872 | D:3      | Reached skill level 1 in Invocations
  4793 | D:4      | Noticed a sky beast
  4798 | D:4      | Slain by an ogre

Skill      XL: |  1  2  3  4  5  6 |
---------------+-------------------+-----
Fighting       | 1 2 3 |  3.1
Armour         | 1 2 3 |  3.5
Dodging        | 3 4 5 |  5.2
Invocations    | 1 |  1.3
Short Blades   | |  3.1
Long Blades    | |  3.1
Axes           | |  3.1
Maces & Flails | |  3.1
Polearms       | |  3.1
Staves         | |  3.1
Stealth        | |  2.6
Unarmed Combat | |  3.1

Action                   |  1- 3 |  4- 6 || total
-------------------------+-------+-------++-------
Melee: Whip              |    21 |       ||    21
       Hand axe          |    84 |   296 ||   380
       Punch             |       |     1 ||     1
 Fire: Hunting sling     |       |    14 ||    14
Throw: Tomahawk          |    51 |     2 ||    53
       Stone             |       |    49 ||    49
Invok: Convert to Beogh  |       |     1 ||     1
 Stab: Sleeping          |     1 |       ||     1
  Eat: Chunk             |     4 |     7 ||    11
       Ration            |       |     1 ||     1
Armor: Robe              |    39 |       ||    39
       Ring mail         |    15 |     4 ||    19
       Chain mail        |       |   174 ||   174
Dodge: Dodged            |    77 |   115 ||   192
